 Dungeon Crawl Stone Soup version 0.26.1-2-gb8aa6d0cf2 (webtiles) character file.

Game seed: 12088046687880563368

269 Gaust the Grasshopper (level 6, -5/50 HPs)
             Began as a Gnoll Warper on Feb 21, 2021.
             Killed from afar by Sigmund (11 damage)
             ... with a magic dart
             ... on level 3 of the Dungeon.
             The game lasted 00:41:24 (3476 turns).

Gaust the Grasshopper (Gnoll Warper)                Turns: 3476, Time: 00:41:25

Health: -5/50      AC:  5    Str: 16    XL:     6   Next: 22%
Magic:  9/14       EV: 14    Int: 21    God:
Gold:   124        SH:  0    Dex: 14    Spells: 7/15 levels left

rFire    . . .     SeeInvis .   l - +3 long sword (holy)
rCold    . . .     Faith    .   (no shield)
rNeg     . . .     Spirit   .   b - +0 leather armour
rPois    .         Reflect  .   i - +0 helmet
rElec    .         Harm     .   (no cloak)
rCorr    .         Rampage  .   c - +0 pair of gloves
Will     .....                  (no boots)
Stlth    ++........             (no amulet)
HPRegen  0.16/turn              p - +6 ring of intelligence
MPRegen  0.14/turn              (no ring)

@: no status effects
A: distributed training, fangs 1, strong nose
a: no special abilities


You were on level 3 of the Dungeon.
You visited 1 branch of the dungeon, and saw 3 of its levels.

You collected 124 gold pieces.

Inventory:

Hand Weapons
 a - a +0 hand axe
 l - a +3 long sword of holy wrath (weapon)
Missiles
 e - 5 boomerangs of dispersal (quivered)
 k - 2 boomerangs
Armour
 b - a +0 leather armour (worn)
 c - a +0 pair of gloves (worn)
 i - a +0 helmet (worn)
Jewellery
 p - a +6 ring of intelligence (left hand)
 r - an uncursed amulet of regeneration {unknown}
Wands
 m - a wand of iceblast (1)
Scrolls
 d - 2 scrolls of blinking
 g - 2 scrolls of teleportation
 q - a scroll of enchant armour {unknown}
Potions
 f - a potion of heal wounds {unknown}
 h - a potion of attraction {unknown}
 j - a potion of mutation {unknown}
 n - a potion of flight {unknown}
 o - a potion of curing {unknown}


   Skills:
 + Level 4.9 Fighting
 + Level 1.8 Short Blades
 + Level 1.8 Long Blades
 + Level 4.9 Axes
 + Level 1.8 Maces & Flails
 + Level 1.8 Polearms
 + Level 1.8 Staves
 + Level 1.8 Slings
 + Level 1.8 Bows
 + Level 1.8 Crossbows
 + Level 3.2 Throwing
 + Level 3.2 Armour
 + Level 4.9 Dodging
 + Level 1.8 Stealth
 + Level 1.8 Shields
 + Level 1.8 Unarmed Combat
 + Level 5.3 Spellcasting
 + Level 1.4 Conjurations
 + Level 1.4 Hexes
 + Level 1.4 Summonings
 + Level 1.4 Necromancy
 + Level 5.6 Translocations
 + Level 1.4 Transmutations
 + Level 1.4 Fire Magic
 + Level 1.4 Ice Magic
 + Level 1.4 Air Magic
 + Level 1.4 Earth Magic
 + Level 1.4 Poison Magic
 + Level 2.0 Invocations
 + Level 1.8 Evocations


You had 7 spell levels left.
You knew the following spells:

 Your Spells              Type           Power        Failure   Level
a - Blink                 Tloc           N/A          1%          2
b - Teleport Other        Tloc           29%          3%          3
c - Conjure Flame         Conj/Fire      11%          21%         3

Your spell library contained the following spells:

 Spells                   Type           Power        Failure   Level
 Gell's Gravitas          Tloc           14%          3%          3
 Lesser Beckoning         Tloc           14%          3%          3
 Magic Dart               Conj           44%          7%          1
 Call Imp                 Summ           11%          11%         2
 Slow                     Hex            11%          11%         2
 Passage of Golubria      Tloc           N/A          12%         4
 Mephitic Cloud           Conj/Pois/Air  11%          21%         3


Dungeon Overview and Level Annotations

Branches:
Dungeon (3/15)

Altars:
Gozag
Okawaru

Annotations:
D:3 Sigmund


Innate Abilities, Weirdness & Mutations

Your experience applies equally to all skills.
You have very sharp teeth.
Your uncanny sense of smell can sniff out nearby items.


Message History

Sigmund closely misses you.
You barely miss Sigmund.
Sigmund is heavily wounded.
Sigmund gestures at himself while chanting.
Sigmund flickers and vanishes!
Deactivating autopickup; reactivate with Ctrl-A.
You closely miss something. Something hits you!
You barely miss something. Your bite misses something. Something hits you!
* * * LOW HITPOINT WARNING * * *
Casting: Conjure Flame (dangerous; 21% risk of failure)
Confirm with . or Enter, or press ? or * to list all spells.
You blink.
Casting: Blink (safe; 1% risk of failure)
Confirm with . or Enter, or press ? or * to list all spells.
The fire begins to smolder!
Something hits you!
* * * LOW HITPOINT WARNING * * *
The fire ignites!
A magic dart appears from out of thin air!
The magic dart hits you!
You die...

######### ####.@.ยง.{.#
#######...$#####.#
#..........#####.######
#...........#@....!.....
#.###.........##.##.#.##
#. #........####.# #
#.##.#............
#.........#####.###
#.......### .


There were no monsters in sight!

Vanquished Creatures
  3 jellies (D:2)
  An orc wizard (D:3)
  Robin (D:2)
  2 adders (D:2)
  9 oozes (D:2)
  4 worms (D:2)
  2 dart slugs
  A leopard gecko (D:2)
  3 orcs (D:3)
  A ball python (D:1)
  4 bats
  A giant cockroach (D:2)
  10 goblins (D:2)
  10 hobgoblins
  3 jackals (D:1)
  2 quokkas (D:2)
  2 frilled lizards (D:2)
  10 kobolds
  2 rats (D:2)
71 creatures vanquished.

Vanquished Creatures (others)
  7 fungi (D:2)
  6 toadstools (D:2)
13 creatures vanquished.

Grand Total: 84 creatures vanquished

Notes
Turn   | Place    | Note
-------+----------+-------------------------------------------
     0 | D:1      | Gaust the Gnoll Warper began the quest for the Orb.
     0 | D:1      | Reached XP level 1. HP: 20/20 MP: 6/6
   112 | D:1      | Reached XP level 2. HP: 23/26 MP: 7/7
   992 | D:2      | Reached skill level 5 in Spellcasting
   992 | D:2      | Reached XP level 3. HP: 10/31 MP: 7/9
  1226 | D:2      | Learned a level 2 spell: Blink
  1230 | D:2      | Learned a level 3 spell: Teleport Other
  1420 | D:2      | Found an iron altar of Okawaru.
  1477 | D:2      | Reached skill level 1 in Invocations
  1618 | D:2      | Found an opulent altar of Gozag.
  1903 | D:2      | Reached skill level 1 in Short Blades
  1903 | D:2      | Reached skill level 1 in Long Blades
  1903 | D:2      | Reached skill level 1 in Maces & Flails
  1903 | D:2      | Reached skill level 1 in Polearms
  1903 | D:2      | Reached skill level 1 in Staves
  1903 | D:2      | Reached skill level 1 in Slings
  1903 | D:2      | Reached skill level 1 in Bows
  1903 | D:2      | Reached skill level 1 in Crossbows
  1903 | D:2      | Reached skill level 1 in Stealth
  1903 | D:2      | Reached skill level 1 in Shields
  1903 | D:2      | Reached skill level 1 in Unarmed Combat
  1903 | D:2      | Reached skill level 1 in Evocations
  2144 | D:2      | Reached XP level 4. HP: 38/38 MP: 11/11
  2296 | D:2      | Noticed Robin
  2318 | D:2      | Killed Robin
  2319 | D:2      | Reached skill level 1 in Conjurations
  2319 | D:2      | Reached skill level 1 in Hexes
  2319 | D:2      | Reached skill level 1 in Summonings
  2319 | D:2      | Reached skill level 1 in Necromancy
  2319 | D:2      | Reached skill level 1 in Transmutations
  2319 | D:2      | Reached skill level 1 in Fire Magic
  2319 | D:2      | Reached skill level 1 in Ice Magic
  2319 | D:2      | Reached skill level 1 in Air Magic
  2319 | D:2      | Reached skill level 1 in Earth Magic
  2319 | D:2      | Reached skill level 1 in Poison Magic
  2750 | D:1      | Learned a level 3 spell: Conjure Flame
  2763 | D:2      | Reached XP level 5. HP: 41/43 MP: 12/12
  3226 | D:2      | Reached XP level 6. HP: 50/50 MP: 9/13
  3448 | D:3      | Noticed Sigmund
  3476 | D:3      | Killed from afar by Sigmund

Illustrated notes

Levels and vault maps discovered:
D:1:      dpeg_arrival_pits, layout_basic
D:2:      cheibrodos_fertilizer, layout_basic, lemuel_round_altar,
          nicolae_gozag_cash_rules_everything_around_me, minmay_domino_2,
          uniq_robin
D:3:      layout_loops_cross, uniq_sigmund

Skill      XL: |  1  2  3  4  5  6 |
---------------+-------------------+-----
Spellcasting   | 5 |  5.3
Invocations    | 1 2 |  2.0
Short Blades   | 1 |  1.8
Long Blades    | 1 |  1.8
Maces & Flails | 1 |  1.8
Polearms       | 1 |  1.8
Staves         | 1 |  1.8
Slings         | 1 |  1.8
Bows           | 1 |  1.8
Crossbows      | 1 |  1.8
Stealth        | 1 |  1.8
Shields        | 1 |  1.8
Unarmed Combat | 1 |  1.8
Evocations     | 1 |  1.8
Conjurations   | 1 |  1.4
Hexes          | 1 |  1.4
Summonings     | 1 |  1.4
Necromancy     | 1 |  1.4
Transmutations | 1 |  1.4
Fire Magic     | 1 |  1.4
Ice Magic      | 1 |  1.4
Air Magic      | 1 |  1.4
Earth Magic    | 1 |  1.4
Poison Magic   | 1 |  1.4
Throwing       | 3 |  3.2
Armour         | 3 |  3.2
Fighting       | |  4.9
Axes           | |  4.9
Dodging        | |  4.9
Translocations | |  5.6

Action                   |  1- 3 |  4- 6 || total
-------------------------+-------+-------++-------
Melee: Hand axe          |    36 |       ||    36
       Bite              |    10 |    13 ||    23
       Long sword        |    62 |    78 ||   140
 Cast: Blink             |       |     2 ||     2
       Conjure Flame     |       |     4 ||     4
Evoke: Wand              |       |     4 ||     4
  Use: Scroll            |     2 |     2 ||     4
Armor: Leather armour    |    23 |    20 ||    43
Dodge: Dodged            |    81 |    59 ||   140
       Rpst.: Long sword |    22 |    15 ||    37
